 Dungeon Crawl Stone Soup version 0.28-a0-653-g7e9dba17c3 (webtiles) character file.

Game seed: 12751406959489209192

177 lawman0 the Covert (level 5, -4/47 HPs)
             Began as a Gnoll Delver on Oct 11, 2021.
             Slain by a kobold (5 damage)
             ... in a sewer.
             The game lasted 00:02:18 (1205 turns).

lawman0 the Covert (Gnoll Delver)                   Turns: 1205, Time: 00:02:19

Health: -4/47      AC:  3    Str: 11    XL:     5   Next: 57%
Magic:  7/7        EV: 13    Int: 10    God:
Gold:   10         SH:  0    Dex: 14    Spells: 7/7 levels left

rFire   . . .      SeeInvis .   a - +0 falchion
rCold   . . .      Faith    .   (no shield)
rNeg    . . .      Spirit   .   b - +0 leather armour
rPois   .          Reflect  .   (no helmet)
rElec   .          Harm     .   (no cloak)
rCorr   .          Rampage  .   (no gloves)
Will    .....                   (no boots)
Stlth   ++........              (no amulet)
HPRegen 0.15/turn               (no ring)
MPRegen 0.10/turn               (no ring)

@: very slow
A: fangs 1, strong nose, distributed training
a: no special abilities


You were in a sewer.
You visited 1 branch of the dungeon, and saw 2 of its levels.
You also visited: Sewer.

You collected 10 gold pieces.

Inventory:

Hand Weapons
 a - a +0 falchion (weapon)
Missiles
 f - 9 poisoned darts (quivered)
Armour
 b - a +0 leather armour (worn)
Wands
 g - a wand of digging (3)
Scrolls
 c - 2 scrolls of fog
 d - 2 scrolls of identify {unknown}
 e - a scroll of fear
Potions
 h - a potion of might {unknown}
 i - a potion of invisibility {unknown}


   Skills:
 + Level 6.7 Fighting
 + Level 1.5 Short Blades
 + Level 4.8 Long Blades
 + Level 1.5 Axes
 + Level 1.5 Maces & Flails
 + Level 1.5 Polearms
 + Level 1.5 Staves
 + Level 1.5 Slings
 + Level 1.5 Bows
 + Level 1.5 Crossbows
 + Level 1.5 Throwing
 + Level 1.5 Armour
 + Level 4.8 Dodging
 + Level 9.7 Stealth
 + Level 1.5 Shields
 + Level 1.5 Unarmed Combat
 + Level 1.5 Spellcasting
 + Level 1.2 Conjurations
 + Level 1.2 Hexes
 + Level 1.2 Summonings
 + Level 1.2 Necromancy
 + Level 1.2 Translocations
 + Level 1.2 Transmutations
 + Level 1.2 Fire Magic
 + Level 1.2 Ice Magic
 + Level 1.2 Air Magic
 + Level 1.2 Earth Magic
 + Level 1.2 Poison Magic
 + Level 1.7 Invocations
 + Level 1.5 Evocations


You had 7 spell levels left.
You didn't know any spells.
Your spell library was empty.

Dungeon Overview and Level Annotations

Branches:
Dungeon (5/15)              Sewer (1/1)
 Temple: D:4-7

Altars:


Innate Abilities, Weirdness & Mutations

You have very sharp teeth.
Your uncanny sense of smell can sniff out nearby items.
Your experience applies equally to all skills.


Message History

You see here a ball python corpse.
An adder and a kobold come into view.
The kobold is wielding a +2 whip of electrocution.
The adder hisses angrily.
The kobold unwields a +2 whip of electrocution.
It stops crackling.
The kobold wields a +0 hand crossbow.
The kobold shoots a bolt.
The bolt closely misses you.
There are monsters nearby!
The adder misses you. The adder bites you.
You are poisoned.
The adder poisons you!
There are monsters nearby!
You hit the adder. Your bite misses the adder.
The adder is lightly wounded.
You feel sick. The adder bites you but does no damage.
There are monsters nearby!
You slash the adder!
You kill the adder!
You feel sick.
The kobold shoots a bolt.
The bolt misses you.
You feel sick.
The kobold unwields a +0 hand crossbow.
The kobold wields a +2 whip of electrocution.
You hear the crackle of electricity.
The kobold hits you but does no damage.
You are electrocuted!!
You are too injured to fight recklessly!
Your unstable footing causes you to fumble your attack.
You feel sick.
You are no longer poisoned.
The kobold splashes around in the water.
You are too injured to fight recklessly!
You closely miss the kobold.
The kobold splashes around in the water.
You are too injured to fight recklessly!
Your unstable footing causes you to fumble your attack.
The kobold hits you with a +2 whip of electrocution.
You are electrocuted!
* * * LOW HITPOINT WARNING * * *
You are too injured to fight recklessly!
Your unstable footing causes you to fumble your attack.
The kobold hits you with a +2 whip of electrocution.
You die...

#.≈≈##
##.≈≈#
#.≈.#
#≈≈.#
#≈≈≈#
#.≈.#
##≈≈.##
##≈≈†##
#≈≈≈≈≈#
#≈.≈≈≈#
#≈###≈#
#≈###≈#
#≈# #≈#
#†# #≈#
##†###≈##
##.###≈##
#.≈≈#≈@≈#
#≈)≈#≈≈≈#
#≈#≈#≈#K#
#≈#≈#≈#≈#
#≈#≈#≈ ≈#
#≈#≈#≈#≈#
#≈#≈#≈ ≈#
#≈#≈#≈#≈#
#.#.#. .#
#.#.#.#.#
###### ##
#########


You could see a kobold.

Vanquished Creatures
  2 kobold brigands (Sewer)
  2 adders
  2 worms (Sewer)
  An endoplasm (Sewer)
  4 giant cockroaches (D:4)
  A quokka (D:4)
  2 ball pythons (Sewer)
  4 kobolds
  3 rats
21 creatures vanquished.

Notes
Turn   | Place    | Note
-------+----------+-------------------------------------------
     0 | D:5      | Reached skill level 9 in Stealth
     0 | D:5      | lawman0 the Gnoll Delver began the quest for the Orb.
     0 | D:5      | Reached XP level 1. HP: 23/23 MP: 1/1
    24 | D:5      | Noticed an ogre
    44 | D:5      | Noticed a water moccasin
    48 | D:5      | Noticed an iguana
   268 | D:4      | Reached XP level 2. HP: 22/29 MP: 2/2
   299 | D:4      | Found a glowing drain.
   303 | Sewer    | Entered a sewer
   409 | Sewer    | Noticed a kobold brigand
   447 | Sewer    | Killed a kobold brigand
   448 | Sewer    | Reached skill level 1 in Short Blades
   448 | Sewer    | Reached skill level 1 in Axes
   448 | Sewer    | Reached skill level 1 in Maces & Flails
   448 | Sewer    | Reached skill level 1 in Polearms
   448 | Sewer    | Reached skill level 1 in Staves
   448 | Sewer    | Reached skill level 1 in Slings
   448 | Sewer    | Reached skill level 1 in Bows
   448 | Sewer    | Reached skill level 1 in Crossbows
   448 | Sewer    | Reached skill level 1 in Throwing
   448 | Sewer    | Reached skill level 1 in Armour
   448 | Sewer    | Reached skill level 1 in Shields
   448 | Sewer    | Reached skill level 1 in Unarmed Combat
   448 | Sewer    | Reached skill level 1 in Spellcasting
   448 | Sewer    | Reached skill level 1 in Invocations
   448 | Sewer    | Reached skill level 1 in Evocations
   448 | Sewer    | Reached XP level 3. HP: 14/35 MP: 2/4
   448 | Sewer    | Reached XP level 4. HP: 17/41 MP: 2/5
   636 | Sewer    | Noticed a kobold brigand
   669 | Sewer    | Killed a kobold brigand
   670 | Sewer    | Reached skill level 1 in Conjurations
   670 | Sewer    | Reached skill level 1 in Hexes
   670 | Sewer    | Reached skill level 1 in Summonings
   670 | Sewer    | Reached skill level 1 in Necromancy
   670 | Sewer    | Reached skill level 1 in Translocations
   670 | Sewer    | Reached skill level 1 in Transmutations
   670 | Sewer    | Reached skill level 1 in Fire Magic
   670 | Sewer    | Reached skill level 1 in Ice Magic
   670 | Sewer    | Reached skill level 1 in Air Magic
   670 | Sewer    | Reached skill level 1 in Earth Magic
   670 | Sewer    | Reached skill level 1 in Poison Magic
   670 | Sewer    | Reached XP level 5. HP: 5/47 MP: 5/7
  1204 | Sewer    | HP: 1/47 [kobold (16)]
  1205 | Sewer    | Slain by a kobold

Illustrated notes

Levels and vault maps discovered:
D:4:      layout_layer_cave, gup_sewer_entry_spiral, uniq_edmund
D:5:      layout_loops_ring, uniq_duvessa
Sewer:    sewer_co_tree

Skill      XL: |  1  2  3  4 |
---------------+-------------+-----
Stealth        | |  9.7
Short Blades   | 1 |  1.5
Axes           | 1 |  1.5
Maces & Flails | 1 |  1.5
Polearms       | 1 |  1.5
Staves         | 1 |  1.5
Slings         | 1 |  1.5
Bows           | 1 |  1.5
Crossbows      | 1 |  1.5
Throwing       | 1 |  1.5
Armour         | 1 |  1.5
Shields        | 1 |  1.5
Unarmed Combat | 1 |  1.5
Spellcasting   | 1 |  1.5
Invocations    | 1 |  1.7
Evocations     | 1 |  1.5
Conjurations   | 1 |  1.2
Hexes          | 1 |  1.2
Summonings     | 1 |  1.2
Necromancy     | 1 |  1.2
Translocations | 1 |  1.2
Transmutations | 1 |  1.2
Fire Magic     | 1 |  1.2
Ice Magic      | 1 |  1.2
Air Magic      | 1 |  1.2
Earth Magic    | 1 |  1.2
Poison Magic   | 1 |  1.2
Fighting       | |  6.7
Long Blades    | |  4.8
Dodging        | |  4.8

Action                   |  1- 3 |  4- 6 || total
-------------------------+-------+-------++-------
Melee: Falchion          |    68 |    37 ||   105
       Bite              |     2 |     3 ||     5
Throw: Dart              |       |    18 ||    18
  Use: Scroll            |     1 |       ||     1
       Potion            |     2 |     1 ||     3
 Stab: Sleeping          |     2 |       ||     2
Armor: Leather armour    |    10 |     8 ||    18
Dodge: Dodged            |    44 |    19 ||    63

Table legend: (Time is in decaauts)
 A = Elapsed time spent in this place.
 B = Non-inter-level travel time spent in this place.
 C = Inter-level travel time spent in this place.
 D = Time resting spent in this place.
 E = Time spent auto-exploring this place.
 F = Levels seen in this place.
 G = Mean time per level.
                   A        B        C        D        E       F      G
               +--------+--------+--------+--------+--------+-----+--------+
         Total |   1316 |   1304 |     12 |    526 |    337 |   3 |  438.7 |
       Dungeon |    329 |    317 |     12 |      0 |     74 |   2 |  164.5 |
         Sewer |    987 |    987 |      0 |    526 |    263 |   1 |  987.0 |
               +--------+--------+--------+--------+--------+-----+--------+

Top non-repeatable levels by time:
   Sewer: 987 daAuts
     D:4: 240 daAuts
     D:5: 89 daAuts
